 Dungeon Crawl Stone Soup version 0.27.1-34-g3ba077fa99 (webtiles) character file.

Game seed: 2162460745120586044

33 zeram the Sneak (level 3, 0/21 HPs)
             Began as a Kobold Brigand on Jan 26, 2022.
             Slain by a water moccasin skeleton (4 damage)
             ... on level 2 of the Dungeon.
             The game lasted 00:04:24 (2595 turns).

zeram the Sneak (Kobold Brigand)                    Turns: 2595, Time: 00:04:24

Health: 0/21       AC:  3    Str:  8    XL:     3   Next: 47%
Magic:  12/12      EV: 14    Int: 13    God:
Gold:   34         SH:  0    Dex: 16    Spells: 2/2 levels left

rFire    . . .     SeeInvis .   a - +2 dagger
rCold    . . .     Faith    .   (shield restricted)
rNeg     . . .     Spirit   .   b - +0 robe
rPois    .         Reflect  .   (no helmet)
rElec    .         Harm     .   c - +0 cloak
rCorr    .         Rampage  .   (no gloves)
Will     .....                  (no boots)
Stlth    ++++......             (no amulet)
HPRegen  0.07/turn              h - ring of magical power
MPRegen  0.13/turn              (no ring)

@: no status effects
A: small, no large weapons, nightstalker 3
a: no special abilities


You were on level 2 of the Dungeon.
You visited 1 branch of the dungeon, and saw 2 of its levels.

You collected 34 gold pieces.

Inventory:

Hand Weapons
 a - a +2 dagger (weapon)
Missiles
 d - 8 poisoned darts (quivered)
 e - 2 curare-tipped darts
Armour
 b - a +0 robe (worn)
 c - a +0 cloak (worn)
Jewellery
 h - a ring of magical power (left hand)
 j - a ring of flight
Scrolls
 g - a scroll of blinking {unknown}
Potions
 f - a potion of might {unknown}
 i - a potion of heal wounds {unknown}


   Skills:
 - Level 2.1 Fighting
 + Level 3.0 Short Blades
 - Level 2.1 Throwing
 + Level 1.3 Dodging
 + Level 6.7 Stealth


You had 2 spell levels left.
You didn't know any spells.
Your spell library was empty.

Dungeon Overview and Level Annotations

Branches:
Dungeon (2/15)

Altars:


Innate Abilities, Weirdness & Mutations

You are small and have problems with some larger weapons.
You are completely attuned to the shadows.


Message History

You hit the jackal.
The jackal is almost dead.
The jackal bites you but does no damage.
You barely miss the jackal.
The jackal is almost dead.
The jackal misses you. The jackal barely misses you.
You barely miss the jackal.
The jackal is almost dead.
The jackal bites you.
You closely miss the jackal.
The jackal is almost dead.
The jackal bites you.
You closely miss the jackal.
The jackal is almost dead.
The jackal misses you.
You hit the jackal.
You kill the jackal!
You closely miss the water moccasin skeleton.
The water moccasin skeleton barely misses you.
You hit the water moccasin skeleton.
The water moccasin skeleton is lightly damaged.
The water moccasin skeleton closely misses you.
You hit the water moccasin skeleton.
The water moccasin skeleton is moderately damaged.
The water moccasin skeleton barely misses you.
The water moccasin skeleton closely misses you.
You hit the water moccasin skeleton.
The water moccasin skeleton is moderately damaged.
The water moccasin skeleton closely misses you.
You hit the water moccasin skeleton.
The water moccasin skeleton is moderately damaged.
The water moccasin skeleton bites you.
You hit the water moccasin skeleton.
The water moccasin skeleton is moderately damaged.
The water moccasin skeleton bites you.
* * * LOW HITPOINT WARNING * * *
You hit the water moccasin skeleton.
The water moccasin skeleton is heavily damaged.
The water moccasin skeleton bites you.
You die...

##.......#
#.###.#
.........#.#.#
#.#
........)#.#.#
#.#
.......$.#.#.#
#.#
.........#.#.#
#.#
.......Z....>#
#.#
.........#.###
#.# .........#Z#
#.# ......#@# #.#
.....#.# #.# #.#
#.#
#####.#####.#####
#................
######
#.###<#####.#####
P....#
#.#.......#.#
.###'#
#.#.......#.#
.#...#
#.#.......#.#


You could see a water moccasin skeleton.

Vanquished Creatures
  A dart slug (D:1)
  2 endoplasms (D:1)
  4 goblins
  3 hobgoblins
  4 jackals (D:2)
  4 kobolds
  2 quokkas (D:2)
  2 ball pythons (D:2)
  A bat (D:1)
  4 rats
27 creatures vanquished.

Vanquished Creatures (others)
  A fungus (D:2)
  A plant (D:2)
2 creatures vanquished.

Grand Total: 29 creatures vanquished

Notes
Turn   | Place    | Note
-------+----------+-------------------------------------------
     0 | D:1      | zeram the Kobold Brigand began the quest for the Orb.
     0 | D:1      | Reached XP level 1. HP: 12/12 MP: 1/1
   267 | D:1      | Reached skill level 6 in Stealth
   267 | D:1      | Reached XP level 2. HP: 5/17 MP: 2/2
  2010 | D:2      | Reached XP level 3. HP: 21/21 MP: 3/3
  2239 | D:2      | Found a faded altar of an unknown god.
  2595 | D:2      | Slain by a water moccasin skeleton

Illustrated notes

Levels and vault maps discovered:
D:1:      minmay_arrival_four_loops, layout_basic, serial_rivers,
          chequers_serial_rivers_small_a, chequers_serial_rivers_micro_c,
          chequers_serial_rivers_large_b, chequers_serial_rivers_room_b,
          minmay_pentomino_z2
D:2:      layout_basic, shapermc_ecumenical_altar_ellora, serial_bayou_pond_c

Skill      XL: |  1  2 |
---------------+-------+-----
Stealth        | 6 |  6.7
Short Blades   | 3 |  3.0
Fighting       | |  2.1
Throwing       | |  2.1
Dodging        | |  1.3

Action                   || total
-------------------------++-------
Melee: Dagger            ||    86
  Use: Scroll            ||     3
 Stab: Sleeping          ||    11
Armor: Robe              ||     7
Dodge: Dodged            ||    50
